 Dungeon Crawl Stone Soup version 0.30-a0-930-gb9d0489357 (webtiles) character file.

Game seed: 8775264574786253599

55 NinjaNoafa the Caller (level 3, -1/14 HPs)
             Began as a Felid Summoner on Mar 23, 2023.
             Slain by Terence
             ... wielding a +4 mace of draining
              (11 damage)
             ... on level 2 of the Dungeon.
             The game lasted 00:03:10 (1190 turns).

NinjaNoafa the Caller (Felid Summoner)              Turns: 1190, Time: 00:03:11

Health: -1/14      AC:  1    Str:  4    XL:     3   Next: 67%
Magic:  8/8        EV: 17    Int: 18    God:
Gold:   59         SH:  0    Dex: 16    Spells: 2/8 levels left
                                        Lives:  0   Deaths: 0

rFire   . . .      SeeInvis +    (weapon unavailable)
rCold   . . .      Faith    .    (shield unavailable)
rNeg    . . .      Spirit   .    (body armour unavailable)
rPois   .          Reflect  .    (helmet unavailable)
rElec   .          Rampage  .    (cloak unavailable)
rCorr   .                        (gloves unavailable)
Will    +....                    (boots unavailable)
Stlth   +                        (no amulet)
HPRegen 0.22/turn                c - ring of willpower
MPRegen 0.11/turn                (no ring)

@: confused, lethally poisoned (-1 -> -3), ambrosia-drunk, quick
A: very small, claws 1, fangs 3, see invisible, speed 1, shaggy fur 1, stealthy
paws, no weapons or thrown items, no armour, multi-lived
a: no special abilities


You were on level 2 of the Dungeon.
You visited 1 branch of the dungeon, and saw 2 of its levels.

You collected 59 gold pieces.

Inventory:

Jewellery
 c - a ring of willpower (left paw)
Scrolls
 b - 2 scrolls of identify {unknown}
 d - a scroll of enchant armour {unknown}
 f - a scroll of silence {unknown}
Potions
 a - a potion of magic
 g - a potion of haste {unknown}
 h - a potion of curing {unknown}


   Skills:
 - Level 2.6 Dodging
 - Level 2.6 Stealth
 + Level 3.0 Spellcasting
 + Level 4.7 Summonings


You had 2 spell levels left.
You knew the following spells:

 Your Spells              Type           Power      Damage    Failure   Level
a - Summon Small Mammal   Summ           76%        N/A       2%          1
b - Call Imp              Summ           19%        N/A       3%          2
c - Call Canine Familiar  Summ           19%        N/A       7%          3

Your spell library contained the following spells:

 Spells                   Type           Power      Damage    Failure   Level
 Blink                    Tloc           4%         N/A       24%         2
 Lesser Beckoning         Tloc           4%         N/A       24%         2
 Momentum Strike          Conj/Tloc      4%         3d8       24%         2
 Summon Guardian Golem    Hex/Summ       11%        N/A       19%         3
 Gell's Gravitas          Tloc           2%         N/A       43%         3
 Teleport Other           Tloc           2%         N/A       43%         3
 Summon Lightning Spire   Summ/Air       11%        N/A       52%         4


Dungeon Overview and Level Annotations

Branches:
Dungeon (2/15)

Altars:

Annotations:
D:2 Terence


Innate Abilities, Weirdness & Mutations

You have sharp claws.
You have razor-sharp teeth.
You have supernaturally acute eyesight. (SInv)
You cover ground quickly. (Speed+)
You are covered in fur. (AC +1)
Your paws help you pounce on unaware monsters.
You are incapable of wielding weapons or throwing items.
You cannot wear armour.
You gain extra lives every three experience levels.


Message History

Your hound closely misses the adder.
The adder bites your hound.
Your hound barely misses the adder.
Your crimson imp hits the adder.
Terence misses you.
The adder bites your hound but does no damage.
Your hound bites the adder but does no damage.
Your crimson imp closely misses the adder.
The adder misses your hound.
Your hound bites the adder.
Terence hits you with a +4 mace of draining!
Ouch! That really hurt!
* * * LOW HITPOINT WARNING * * *
You feel drained.
* * * LOW HITPOINT WARNING * * *
The adder barely misses you.
Your hound barely misses the adder.
Your crimson imp misses the adder.
Your hound bites the adder.
The adder bites you but does no damage.
Your crimson imp misses the adder.
Your hound barely misses the adder.
The adder bites you.
* * * LOW HITPOINT WARNING * * *
You are lethally poisoned!
The adder poisons you!
* * * LOW HITPOINT WARNING * * *
You feel sick.
Your hound bites the adder.
The adder dies!
Terence looks scornfully at you.
Your life force feels restored.
Your Spellcasting skill increases to level 3!
It was a potion of ambrosia.
You are confused.
You feel invigorated.
You feel sick.
Your hound bites Terence but does no damage.
Your crimson imp closely misses Terence.
Your hound completely misses Terence.
You bump into the rock wall.
You feel sick.
Your crimson imp closely misses Terence.
Terence closely misses you.
You feel sick.
Your hound closely misses Terence.
Your crimson imp hits Terence but does no damage.
Terence hits you with a +4 mace of draining!
Ouch! That really hurt!
You die...

#.#...##..
#......#.....#######
#................<..
#........#########.#
#....#.# #....#.. .
#...... #.#..... ..
#...#### #.#.....
...####..>...#####.).#...
.......@@###.......##..#.
..#....h5#.........##....
#......#.##..........##
#......####.......#.###
#......+ +...†..^#.# #
#......# #.......#.. .
.....$..## #.......#####
........# #####'#.#
......... #.#.#


You could see Terence (ally target), a friendly hound (summoned) and a friendly
crimson imp (summoned).

Vanquished Creatures
  A ball python (D:1)
  A goblin (D:1)
2 creatures vanquished.

Vanquished Creatures (collateral kills)
  2 adders
  A dart slug (D:1)
  3 endoplasms (D:1)
  2 giant cockroaches (D:1)
  A goblin (D:1)
  A hobgoblin (D:1)
  3 jackals (D:1)
  3 kobolds
  A quokka (D:1)
  4 ball pythons
  4 bats
  5 frilled lizards
  4 rats
34 creatures vanquished.

Grand Total: 36 creatures vanquished

Notes
Turn   | Place    | Note
-------+----------+-------------------------------------------
     0 | D:1      | NinjaNoafa the Felid Summoner began the quest for the Orb.
     0 | D:1      | Reached XP level 1. HP: 7/7 MP: 4/4
   165 | D:1      | Reached XP level 2. HP: 11/11 MP: 3/6
   175 | D:1      | Learned a level 2 spell: Call Imp
   778 | D:1      | Reached XP level 3. HP: 14/14 MP: 5/8
  1054 | D:1      | Learned a level 3 spell: Call Canine Familiar
  1177 | D:2      | Noticed Terence
  1190 | D:2      | Slain by Terence

Illustrated notes

Levels and vault maps discovered:
D:1:      sevenhm_arrival_forest_fort_small_4, layout_loops_ring,
          chequers_serial_rivers_large_b
D:2:      kennysheep_big_flooded_room, layout_basic, uniq_robin, uniq_terence

Skill      XL: |  1  2  3 |
---------------+----------+-----
Spellcasting   | 3 |  3.0
Dodging        | |  2.6
Stealth        | |  2.6
Summonings     | |  4.7

Action                     || total
---------------------------++-------
  Melee: Unarmed           ||    10
         Bite              ||     2
   Cast: Summon Small Mamm ||    35
         Call Imp          ||    13
         Call Canine Famil ||     4
    Use: Potion            ||     1
 Armour: Skin              ||     4
  Dodge: Dodged            ||    56

Table legend: (Time is in decaauts)
 A = Elapsed time spent in this place.
 B = Non-inter-level travel time spent in this place.
 C = Inter-level travel time spent in this place.
 D = Time resting spent in this place.
 E = Time spent auto-exploring this place.
 F = Levels seen in this place.
 G = Mean time per level.
                   A        B        C        D        E       F      G
               +--------+--------+--------+--------+--------+-----+--------+
         Total |   1043 |   1000 |     43 |     29 |    378 |   2 |  521.5 |
       Dungeon |   1043 |   1000 |     43 |     29 |    378 |   2 |  521.5 |
               +--------+--------+--------+--------+--------+-----+--------+

Top non-repeatable levels by time:
     D:1: 904 daAuts
     D:2: 139 daAuts
